 Dungeon Crawl Stone Soup version 0.23-a0-644-gb60d84b (webtiles) character file.

6 Borgoz the Skirmisher (level 1, -3/19 HPs)
             Began as a Ghoul Abyssal Knight on Jan 1, 2019.
             Was an Initiate of Lugonu.
             Slain by a gnoll (5 damage)
             ... on level 1 of the Dungeon.
             The game lasted 00:00:36 (156 turns).

Borgoz the Skirmisher (Ghoul Abyssal Knight)         Turns: 156, Time: 00:00:37

Health: -3/19      AC:  3    Str: 15    XL:     1   Next: 90%
Magic:  1/1        EV: 11    Int:  7    God:    Lugonu [......]
Gold:   0          SH:  0    Dex:  8    Spells: 0/0 levels left

rFire    . . .     SeeInvis .   a - +1 hand axe
rCold    + . .     Gourm    .   (no shield)
rNeg     + + +     Faith    .   b - +0 leather armour
rPois    ∞         Spirit   .   (no helmet)
rElec    .         Reflect  .   (no cloak)
rCorr    .         Harm     .   (no gloves)
MR       .....                  (no boots)
Stlth    +.........             (no amulet)
HPRegen  0.00/turn              (no ring)
MPRegen  0.07/turn              (no ring)

@: rotting
A: rotting body, claws 1, carnivore, cold resistance 1, negative energy
resistance 3, inhibited regeneration, torment resistance, unbreathing
a: Renounce Religion


You were on level 1 of the Dungeon.
You worshipped Lugonu.
Lugonu was noncommittal.
You were not hungry.

You visited 1 branch of the dungeon, and saw 1 of its levels.
You visited the Abyss 1 time.

Inventory:

Hand Weapons
 a - a +1 hand axe (weapon)
Armour
 b - a +0 leather armour (worn)
Potions
 e - a potion of agility {unknown}
Comestibles
 c - 2 rations
 d - 2 chunks of flesh


   Skills:
 + Level 3.6 Fighting
 + Level 1.9 Axes
 + Level 1.7 Armour
 + Level 0.8 Dodging
 + Level 2.0 Invocations


You couldn't memorise any spells.
You didn't know any spells.
Your spell library was empty.

Dungeon Overview and Level Annotations

Branches:
Dungeon (1/15)

Altars:


Innate Abilities, Weirdness & Mutations

Your body is rotting away.
You thrive on raw meat.
You are immune to poison.
You have sharp fingernails.
You are carnivorous and can eat meat at any time.
Your flesh is cold resistant. (rC+)
You are immune to negative energy. (rN+++)
You do not regenerate when monsters are visible.
You are immune to unholy pain and torment.
You can survive without breathing.


Message History

You are too injured to fight recklessly!
You are too injured to fight recklessly!
You hit the ooze.
The ooze is moderately wounded.
You completely miss the kobold. You hit the gnoll.
The kobold hits you but does no damage. The ooze barely misses you.
The gnoll barely misses you. The ooze hits you but does no damage.
You hit the ooze.
The ooze is heavily wounded.
You hit the kobold.
You kill the kobold!
Lugonu accepts your kill.
You hit the gnoll. The gnoll hits you.
* * * LOW HITPOINT WARNING * * *
The ooze hits you.
* * * LOW HITPOINT WARNING * * *
You barely miss the gnoll.
The gnoll is almost dead.
You barely miss the ooze. The gnoll hits you.
You die...

#.###..#....#.#..#.#.###
#.# #...>..........#.#
### #..#.##.#.......
#####..#.##.#......#
............#.#..#.#
####......†# #..######
##..######.#
#..)@J......
.......#g.....#
#####..#......#
#..#......# #..######.#
.... . ###.# ..


You could see a gnoll and an ooze.

Vanquished Creatures
  2 goblins (D:1)
  2 kobolds (D:1)
  A bat (D:1)
  A rat (D:1)
6 creatures vanquished.

Notes
Turn   | Place    | Note
-------+----------+-------------------------------------------
     0 | Abyss:1  | Borgoz the Ghoul Abyssal Knight began the quest for the
                  | Orb.
     0 | Abyss:1  | Reached XP level 1. HP: 19/19 MP: 1/1
    31 | Abyss:1  | Noticed an apocalypse crab
    32 | D:1      | Escaped the Abyss
   156 | D:1      | Slain by a gnoll

Vault maps used:
D:1:      erik_arrival_gehennom, minmay_hexomino_f4

Action                   || total
-------------------------++-------
Melee: Hand axe          ||    22
Invok: Depart the Abyss  ||     1
  Eat: Chunk             ||     2
Armor: Leather armour    ||    10
Dodge: Dodged            ||    14

Table legend:
 A = Non-vault XP
 B = Vault XP
 C = Vault XP percentage of total XP
 D = Non-vault monster count
 E = Vault monster count
 F = Vault count percentage of total count
                 A         B        C        D         E       F
            +---------+---------+-------+---------+---------+-------
      Total |       4 |       5 |  55.6 |       3 |       3 |  50.0
            +---------+---------+-------+---------+---------+-------
        D:1 |       4 |       5 |  55.6 |       3 |       3 |  50.0
            +---------+---------+-------+---------+---------+-------
